 Dungeon Crawl Stone Soup version 0.27.1-2-g3b301248ec (webtiles) character file.

Game seed: 12452849208955857823

8008 ABBCCCDDDD the Arsonist (level 11, -2/72 HPs)
             Began as an Octopode Fire Elementalist on Oct 1, 2021.
             Was an Initiate of Gozag.
             Killed by the air
             ... invoked by Gastronok
              (37 damage)
             ... on level 10 of the Dungeon.
             The game lasted 00:30:46 (20007 turns).

ABBCCCDDDD the Arsonist (OpFE)                     Turns: 20007, Time: 00:30:46

Health: -2/72      AC:  1    Str:  9    XL:     11   Next: 24%
Magic:  20/20      EV: 14    Int: 20    God:    Gozag
Gold:   360        SH:  5    Dex: 12    Spells: 9/22 levels left

rFire    + . .     SeeInvis .   x - +1 dagger (venom)
rCold    + . .     Faith    .   q - +0 buckler
rNeg     + . .     Spirit   .   (helmet restricted)
rPois    .         Reflect  .   (no amulet)
rElec    .         Harm     .   k - ring of positive energy
rCorr    .         Rampage  .   E - ring of protection from fire
Will     .....                  G - ring of protection from cold
Stlth    +++.......             (no ring)
HPRegen  0.22/turn              (no ring)
MPRegen  0.17/turn              (no ring)
                                (no ring)
                                (no ring)

@: no status effects
A: almost no armour, amphibious, 8 rings, camouflage 1, gelatinous body 1,
(nimble swimmer 1), tentacles
a: Renounce Religion, Potion Petition, Call Merchant, Bribe Branch


You were on level 10 of the Dungeon.
You worshipped Gozag.
Gozag was aware of your devotion.
You visited 3 branches of the dungeon, and saw 13 of its levels.
You also visited: Ice Cave.

You collected 1581 gold pieces.
You spent 400 gold pieces at shops.
You paid 821 gold pieces to Gozag.

Inventory:

Hand Weapons
 a - a +0 dagger
 h - a +0 rapier
 o - a +2 flail of protection
 x - a +1 dagger of venom (weapon)
 C - a +0 morningstar of flaming
Missiles
 c - 8 javelins
 j - 53 poisoned darts (quivered)
 D - 2 throwing nets
Armour
 q - a +0 buckler (worn)
Jewellery
 k - a ring of positive energy (left tentacle)
 E - a ring of protection from fire (right tentacle)
 G - a ring of protection from cold (on tentacle)
Wands
 A - a wand of flame (11)
 F - a wand of iceblast (15)
Scrolls
 f - 2 scrolls of enchant weapon
 g - 2 scrolls of teleportation
 l - a scroll of identify
 n - 2 scrolls of vulnerability
 p - a scroll of amnesia
 y - a scroll of fog
 z - 3 scrolls of blinking
Potions
 b - 2 potions of heal wounds
 d - 4 potions of magic
 e - 2 potions of haste
 i - a potion of ambrosia {unknown}
 m - 3 potions of mutation {unknown}
 r - 3 potions of cancellation {unknown}
 s - 2 potions of invisibility
 t - a potion of might {unknown}
 u - 3 potions of flight {unknown}
 w - a potion of attraction {unknown}
 B - a potion of lignification {unknown}


   Skills:
 - Level 6.0 Fighting
 + Level 4.3 Maces & Flails
 - Level 3.8 Dodging
 - Level 4.0 Stealth
 - Level 4.0 Shields
 - Level 6.0 Spellcasting
 + Level 7.5 Conjurations
 - Level 8.0 Fire Magic
 - Level 2.0 Air Magic
 - Level 6.0 Poison Magic
 - Level 5.0 Evocations


You had 9 spell levels left.
You knew the following spells:

 Your Spells              Type           Power      Damage    Failure   Level
a - Foxfire               Conj/Fire      100%       2x1d9     1%          1
b - Sticky Flame          Conj/Fire      37%        2d6       4%          4
c - Mephitic Cloud        Conj/Pois/Air  26%        N/A       3%          3
d - Fireball              Conj/Fire      18%        3d9       12%         5

Your spell library contained the following spells:

 Spells                   Type           Power      Damage    Failure   Level
 Magic Dart               Conj           100%       1d8       1%          1
 Conjure Flame            Conj/Fire      37%        6-21      1%          3
 Inner Flame              Hex/Fire       22%        N/A       6%          3
 Apportation              Tloc           12%        N/A       11%         1
 Call Imp                 Summ           6%         N/A       16%         2
 Alistair's Intoxication  Tmut/Pois      12%        N/A       63%         5
 Invisibility             Hex            3%         N/A       100%        6


Dungeon Overview and Level Annotations

Branches:
Dungeon (11/15)            Temple (1/1) D:7             Orc (1/2) D:10
  IceCv (visited)
   Lair: D:8-11

Altars:
Cheibriados
Dithmenos
Elyvilon
Gozag
Hepliaklqana
Nemelex Xobeh
Okawaru
Ru
Sif Muna
Trog
Uskayaw
Vehumet
Xom
Yredelemnul
The Shining One
Beogh

Shops:
D:3 =   D:7 (   Orc:1 =

Annotations:
D:2 Terence
D:6 exclusion: vampire
D:7 1 runed translucent door, Crazy Yiuf
D:8 3 runed translucent doors, Crownlay's ghost, journeyman GrEE
D:9 exclusions: 2 doors and 2 killer bees
D:10 exclusion: 2 orcs, Erolcha; Gastronok
D:11 exclusion: cyclops, Josephine


Innate Abilities, Weirdness & Mutations

You cannot wear most types of armour.
You are amphibious.
You can wear up to eight rings at the same time.
Your skin changes colour to match your surroundings (Stealth+).
Your rubbery body absorbs attacks. (AC +1, EV +1)
((You are camouflaged near water. (Stealth+)))
You have tentacles for arms and can constrict up to eight enemies at once.


Message History

Things that are here:
a +0 robe; a +0 dagger; a +0 hand axe You now have 330 gold pieces (gained 5).
You see here a +0 club.
You now have 333 gold pieces (gained 3).
Things that are here:
a +0 ring mail; a +0 trident You now have 360 gold pieces (gained 27).
You see here a +0 flail.
An orc knight comes into view. It is wielding a +0 long sword.
You see here a +0 club.
Things that are here:
a +0 scale mail; a +0 dagger
Items here: ( )) [.
There is a staircase back to the Dungeon here.
There is an entrance to Duneig's Jewellery Shoppe here.
There is a staircase back to the Dungeon here.
You climb upwards.
Welcome back to the Dungeon!
Level annotation: exclusion: 2 orcs, Erolcha
There is a staircase to the Orcish Mines here.
There is an open door here.
You see here a +0 hand axe.
There is an open door here.
There is an open door here.
There is a stone staircase leading down here.
You climb downwards.
Level annotation: exclusion: cyclops, Gastronok; Josephine
There is a stone staircase leading up here.
Gastronok bites you!
You climb upwards.
Level annotation: exclusion: 2 orcs, Erolcha
There is a stone staircase leading down here.
Gastronok gurgles horribly!
Gastronok waves his eye-stalks in wide circles.
The air twists around and strikes you!!
Gastronok waves his eye-stalks in wide circles.
The air twists around and strikes you!!!
Ouch! That really hurt!
You die...
Your body crumbles into a pile of gold.

#.# ##.....## #.
##.## ##.......####
##...####.........###
#.......'.........'..
##....###.........###
###...####.......##
##.......###.....##
#.........###...##
#....@....# ##'##
#.........# #.#
##.#...#.## #.# ####
#.......## ##.## #...
###......###...###.##
##.#.............#
#.#w..###...###.##
#.##.## ##.## #...
#....# #.# ####


You could see Gastronok.

Levels and vault maps discovered:
D:1:      minmay_arrival_arboretum_small, layout_basic, minmay_close_crescents
D:2:      layout_basic, chequers_ecumenical_altar_twisty, basic_altar,
          minmay_bisected, uniq_terence
D:3:      layout_basic, mainiacjoe_overflow_chevrons, serial_shops, shop
D:4:      layout_cave_pools
D:5:      layout_layer_cave, nemelex_xobeh_ov_fountains_minmay
D:6:      layout_basic, nicolae_qazlal_eye_of_the_storm,
          mainiacjoe_overflow_catwalk_spiral, gammafunk_ghost_icy, uniq_pikel,
          uniq_edmund
D:7:      layout_basic, nicolae_uskayaw_murder_on_the_dancefloor,
          minmay_temple_entry_waves, serial_shops,
          nicolae_shop_overgrown_old_shop, hex_medium,
          kennysheep_generic_room_14, uniq_maggie, uniq_crazy_yiuf_cottage,
          uniq_prince_ribbit1
D:8:      minmay_general_purpose_star, layout_loops_ring,
          ebering_ghost_rock_garden, special_room [special_room_orc]
D:9:      layout_roguey
D:10:     layout_loops_corners, david_orc_1_choice, uniq_erolcha
D:11:     minmay_weird_star, layout_small_grid, grunt_lair_entry_orc_guard_hut,
          uniq_sonja, uniq_josephine, uniq_gastronok
Temple:   eino_temple_scatter_basement
Orc:1:    layout_diamond_mine, biasface_ghost_orc_armoury,
          portal_ice_cave_entry_pillars_1, uniq_maurice

Notes
Turn   | Place    | Note
-------+----------+-------------------------------------------
     0 | D:1      | ABBCCCDDDD the Octopode Fire Elementalist began the quest
                  | for the Orb.
     0 | D:1      | Reached XP level 1. HP: 11/11 MP: 3/3
   279 | D:1      | Reached XP level 2. HP: 18/18 MP: 0/5
  1170 | D:2      | Reached skill level 1 in Fighting
  1170 | D:2      | Reached XP level 3. HP: 15/23 MP: 0/6
  1467 | D:2      | Noticed Terence
  1844 | D:2      | Found a shimmering altar of Xom.
  2207 | D:2      | Found a faded altar of an unknown god.
  2537 | D:3      | Found Zepoz's Jewellery Shop.
  2571 | D:3      | Found a white marble altar of Elyvilon.
  3085 | D:3      | Reached XP level 4. HP: 19/28 MP: 0/7
  3454 | D:4      | Noticed a necrophage
  3807 | D:4      | Noticed an ogre
  3831 | D:4      | Killed an ogre
  3832 | D:4      | Reached skill level 4 in Fire Magic
  3832 | D:4      | Reached XP level 5. HP: 35/35 MP: 0/8
  4181 | D:4      | Killed a necrophage
  4182 | D:4      | Reached XP level 6. HP: 40/42 MP: 0/9
  4261 | D:4      | Learned a level 4 spell: Sticky Flame
  4760 | D:5      | Entered Level 5 of the Dungeon
  4783 | D:5      | Noticed a vampire mosquito
  4876 | D:5      | Noticed a vampire mosquito
  4881 | D:4      | Killed a vampire mosquito
  4882 | D:4      | Reached skill level 1 in Shields
  4882 | D:4      | Reached XP level 7. HP: 17/46 MP: 4/10
  6401 | D:5      | Killed a vampire mosquito
  6402 | D:5      | Reached skill level 5 in Fire Magic
  7169 | D:5      | Reached XP level 8. HP: 50/54 MP: 3/12
  7276 | D:5      | Found a sparkling altar of Nemelex Xobeh.
  7706 | D:6      | Learned a level 3 spell: Mephitic Cloud
  8013 | D:5      | Reached skill level 1 in Evocations
  8284 | D:6      | Reached skill level 1 in Poison Magic
  8610 | D:6      | Noticed a vampire
  8722 | D:6      | Found a shimmering altar of Xom.
  8724 | D:6      | Found a radiant altar of Vehumet.
  9072 | D:6      | Noticed Edmund
  9292 | D:6      | Killed Edmund
  9293 | D:6      | Reached skill level 1 in Air Magic
  9504 | D:5      | Reached skill level 5 in Conjurations
  9870 | D:7      | Noticed Maggie
 10047 | D:7      | Killed Maggie
 10048 | D:7      | Reached skill level 6 in Fire Magic
 10048 | D:7      | Reached XP level 9. HP: 58/58 MP: 5/13
 10398 | D:7      | Reached skill level 5 in Poison Magic
 10398 | D:7      | Reached skill level 5 in Evocations
 10650 | D:7      | Found a staircase to the Ecumenical Temple.
 10663 | Temple   | Entered the Ecumenical Temple
 10761 | Temple   | Became a worshipper of Gozag Ym Sagoz the Greedy
 11000 | D:7      | Found Methom's Antique Weapon Emporium.
 11079 | D:7      | Found a runed translucent door.
 11080 | D:7      | Noticed Crazy Yiuf
 11119 | D:7      | Found a hide-covered altar of Uskayaw.
 11321 | D:7      | Noticed Prince Ribbit
 11376 | D:7      | Killed Prince Ribbit
 12167 | D:8      | Reached skill level 5 in Spellcasting
 12381 | D:8      | Found a runed translucent gate.
 12381 | D:8      | Found a runed translucent gate.
 12381 | D:8      | Found a runed translucent gate.
 12385 | D:8      | Noticed Crownlay's ghost (journeyman GrEE)
 12999 | D:8      | Reached XP level 10. HP: 64/64 MP: 9/17
 14562 | D:9      | Noticed a two-headed ogre
 14570 | D:9      | Learned a level 5 spell: Fireball
 15050 | D:9      | Reached skill level 1 in Maces & Flails
 15688 | D:9      | Killed a two-headed ogre
 15944 | D:10     | Entered Level 10 of the Dungeon
 15957 | D:10     | Reached skill level 7 in Fire Magic
 16866 | D:10     | Reached skill level 5 in Fighting
 17862 | D:10     | Noticed Erolcha
 18171 | D:10     | Reached XP level 11. HP: 40/72 MP: 11/20
 18489 | D:10     | Found a staircase to the Orcish Mines.
 18774 | D:11     | Noticed a cyclops
 18989 | D:11     | Noticed Josephine
 19123 | D:11     | Noticed Gastronok
 19373 | Orc:1    | Entered Level 1 of the Orcish Mines
 19376 | Orc:1    | Bought a ring of protection from cold for 400 gold pieces
 19437 | Orc:1    | Found a frozen archway.
 19785 | IceCv    | Entered an ice cave
 19785 | IceCv    | Noticed a white ugly thing
 19798 | IceCv    | Found a transporter.
 19813 | IceCv    | Killed a white ugly thing
 19814 | IceCv    | Reached skill level 8 in Fire Magic
 19831 | IceCv    | Noticed a white ugly thing
 19842 | IceCv    | Found a transporter.
 19869 | Orc:1    | Noticed an orc knight
 20007 | D:10     | Killed from afar by Gastronok

Table legend: (Time is in decaauts)
 A = Elapsed time spent in this place.
 B = Non-inter-level travel time spent in this place.
 C = Inter-level travel time spent in this place.
 D = Time resting spent in this place.
 E = Time spent auto-exploring this place.
 F = Levels seen in this place.
 G = Mean time per level.
                   A        B        C        D        E       F      G
               +--------+--------+--------+--------+--------+-----+--------+
         Total |  20038 |  18931 |   1107 |   9627 |   6371 |  14 | 1431.3 |
       Dungeon |  19410 |  18348 |   1062 |   9334 |   6297 |  11 | 1764.5 |
        Temple |    116 |     78 |     38 |      0 |     68 |   1 |  116.0 |
  Orcish Mines |    442 |    435 |      7 |    293 |      6 |   1 |  442.0 |
      Ice Cave |     68 |     68 |      0 |      0 |      0 |   1 |   68.0 |
               +--------+--------+--------+--------+--------+-----+--------+

Top non-repeatable levels by time:
    D:10: 3501 daAuts
     D:5: 2747 daAuts
     D:8: 2628 daAuts
     D:7: 2109 daAuts
     D:4: 1840 daAuts
     D:6: 1510 daAuts
     D:9: 1424 daAuts
     D:2: 1322 daAuts
     D:1: 1162 daAuts
     D:3: 1099 daAuts
   Orc:1: 442 daAuts
  Temple: 116 daAuts
   IceCv: 68 daAuts
    D:11: 63 daAuts

Table legend:
 A = Kills in this place as a percentage of kills in entire the game.
 B = Kills by you in this place as a percentage of kills by you in the entire game.
 C = Kills by friends in this place as a percentage of kills by friends in the entire game.
 D = Other kills in this place as a percentage of other kills in the entire game.
 E = Experience gained in this place as a percentage of experience gained in the entire game.
 F = Experience gained in this place divided by the number of levels of this place that you have seen.
                   A       B       C       D       E      F
               +-------+-------+-------+-------+-------+----------------------
         Total | 100.0 | 100.0 |   N/A | 100.0 | 100.0 | 817.1
       Dungeon |  94.1 |  94.1 |   N/A | 100.0 |  89.7 | 932.5
  Orcish Mines |   4.1 |   4.1 |   N/A |   0.0 |   3.2 | 368.0
      Ice Cave |   1.8 |   1.8 |   N/A |   0.0 |   7.1 | 815.0
               +-------+-------+-------+-------+-------+----------------------

Action                   |  1- 3 |  4- 6 |  7- 9 | 10-12 || total
-------------------------+-------+-------+-------+-------++-------
Melee: Dagger            |    16 |     1 |    34 |    98 ||   149
       Constrict         |     4 |     1 |    12 |    14 ||    31
       Tentacles         |     2 |     1 |    13 |    21 ||    37
Throw: Dart              |       |       |    13 |    15 ||    28
 Cast: Foxfire           |    86 |    84 |   307 |   166 ||   643
       Sticky Flame      |       |       |    10 |    47 ||    57
       Mephitic Cloud    |       |       |     1 |     5 ||     6
       Fireball          |       |       |       |     3 ||     3
Invok: Call Merchant     |       |       |       |     1 ||     1
Evoke: Wand              |       |       |     2 |     6 ||     8
  Use: Scroll            |       |       |     6 |     7 ||    13
       Potion            |       |       |       |     1 ||     1
 Stab: Sleeping          |     7 |       |     1 |     4 ||    12
       Paralysed         |       |       |     8 |    18 ||    26
       Confused          |       |       |       |     1 ||     1
Armor: Skin              |     2 |       |     2 |     5 ||     9
Dodge: Dodged            |     8 |     7 |    57 |    88 ||   160
Block: Buckler           |       |       |    16 |    30 ||    46

Vanquished Creatures
  A two-headed ogre (D:9)
  An ugly thing (IceCv)
  Maggie (D:7)
  A troll (D:10)
  Prince Ribbit (D:7)
  4 yaks (D:10)
  A wraith (D:10)
  A wyvern (D:9)
  A basilisk (D:10)
  2 vampire mosquitoes
  A death yak simulacrum (IceCv)
  Edmund (D:6)
  3 wargs (D:10)
  2 acid dragons
  A black bear (D:7)
  A hornet zombie (D:8)
  10 orc warriors
  An ice beast (D:8)
  A sky beast (D:6)
  A necrophage (D:4)
  7 centaurs
  3 ogres
  A kobold brigand (D:7)
  2 bullfrogs
  A scorpion (D:6)
  2 gnoll sergeants
  A cane toad simulacrum (IceCv)
  A water moccasin skeleton (D:7)
  9 howler monkeys
  4 centaur zombies
  A centaur skeleton (D:4)
  A hound (D:6)
  11 orc priests
  A jelly (D:5)
  A gnoll shaman (D:7)
  3 iguanas
  6 orc wizards
  A scorpion zombie (D:5)
  A wolf simulacrum (IceCv)
  23 gnolls
  4 adders
  A white imp (D:7)
  An adder skeleton (D:4)
  2 worms
  A dart slug (D:2)
  51 orcs
  7 ball pythons
  5 endoplasms
  4 giant cockroaches
  3 goblins (D:1)
  3 hobgoblins
  4 jackals (D:2)
  A quokka (D:4)
  4 bats
  2 frilled lizards (D:3)
  9 kobolds
  4 rats
222 creatures vanquished.

Vanquished Creatures (others)
  1072 foxfires
  A fungus (D:11)
  2 plants (D:11)
1075 creatures vanquished.

Grand Total: 1297 creatures vanquished
